 Dungeon Crawl Stone Soup version 0.31.0-11-ge490571c62 (webtiles) character file.

Game seed: 11301612607753347001

1126 ces the Skirmisher (level 8, -4/37 HPs)
             Began as a Spriggan Hunter on Jan 29, 2024.
             Shot with an arrow by a centaur (15 damage)
             ... on level 6 of the Dungeon.
             The game lasted 00:09:38 (5169 turns).

ces the Skirmisher (Spriggan Hunter)                Turns: 5169, Time: 00:09:38

Health: -4/37      AC:  2    Str:  5 (6)  XL:     8   Next: 13%
Magic:  9/9        EV: 17    Int: 12 (14) God:
Gold:   314        SH:  5    Dex: 19 (20) Spells: 7/7 levels left

rFire   . . .        a - +0 shortbow
rCold   . . .        (shield currently unavailable)
rNeg    . . .        c - +0 robe
rPois   .            (helmet restricted)
rElec   .            (no cloak)
rCorr   .            (gloves unavailable)
SInv    +            (boots unavailable)
Will    +....        l - amulet of reflection
Stlth   ++           (no ring)
HPRegen 0.26/turn    (no ring)
MPRegen 0.11/turn

%: reflection
@: very quick
A: very small, no large weapons, unfitting armour, see invisible, speed 3,
clever 1, sense surroundings 2, MP-powered wands
a: no special abilities


You were on level 6 of the Dungeon.
You visited 1 branch of the dungeon, and saw 6 of its levels.

You collected 314 gold pieces.

Inventory:

Hand Weapons
 a - a +0 shortbow (weapon)
Armour
 c - a +0 robe (worn)
Jewellery
 i - an amulet of guardian spirit
 l - an amulet of reflection (around neck)
 s - an amulet of regeneration
Scrolls
 e - a scroll of revelation
 f - 2 scrolls of blinking {unknown}
 g - a scroll of amnesia {unknown}
 j - 6 scrolls of teleportation {unknown}
 k - 3 scrolls of enchant weapon {unknown}
 m - a scroll of immolation {unknown}
 o - a scroll of fear {unknown}
 p - a scroll of enchant armour {unknown}
 r - a scroll of fog {unknown}
Potions
 h - a potion of might
 t - a potion of magic


   Skills:
 - Level 1.5 Fighting
 + Level 10.5 Ranged Weapons
 - Level 2.6 Dodging
 - Level 1.5 Stealth


You had 7 spell levels left.
You didn't know any spells.
Your spell library contained the following spells:

 Spells                   Type           Power      Damage    Failure   Level
 Shock                    Conj/Air       0%         1d3       32%         1
 Lesser Beckoning         Tloc           0%         N/A       45%         2
 Static Discharge         Conj/Air       0%         3-3/arc   45%         2
 Fugue of the Fallen      Necr           0%         N/A       69%         3
 Gell's Gravitas          Tloc           0%         N/A       69%         3
 Ozocubu's Armour         Ice            0%         N/A       69%         3
 Stone Arrow              Conj/Erth      0%         3d7       69%         3
 Swiftness                Air            0%         N/A       69%         3
 Teleport Other           Tloc           0%         N/A       69%         3
 Airstrike                Air            0%         2d(0-16)  97%         4
 Animate Armour           Summ/Erth      0%         N/A       97%         4
 Manifold Assault         Tloc           0%         N/A       97%         4
 Summon Lightning Spire   Summ/Air       0%         N/A       97%         4
 Lehudib's Crystal Spear  Conj/Erth      0%         10d2      100%        8


Dungeon Overview and Level Annotations

Branches:
Dungeon (6/15)
 Temple: D:4-7

Altars:

Shops:
D:5 *

Annotations:
D:6 Jeremiah


Innate Abilities, Weirdness & Mutations

You are very small and have problems with some larger weapons.
You are too small for most types of armour.
You have supernaturally acute eyesight. (SInv)
You cover ground extremely quickly. (Speed+++)
Your mind is acute. (Int +4, Str/Dex -1)
You passively map the area around you.
You expend magic power (3 MP) to strengthen your wands.


Message History

Press: ? - help, Shift-Dir - straight line, f/p - iguana
Aim: an iguana (severely wounded, 69% to hit)
You shoot an arrow.
The arrow hits the iguana but does no damage.
The iguana is severely wounded.
Fire: a) +0 shortbow
Press: ? - help, Shift-Dir - straight line, f/p - iguana
Aim: an iguana (severely wounded, 69% to hit)
You shoot an arrow.
The arrow hits the iguana but does no damage.
The iguana is severely wounded.
Fire: a) +0 shortbow
Press: ? - help, Shift-Dir - straight line, f/p - iguana
Aim: an iguana (severely wounded, 69% to hit)
You shoot an arrow. The arrow hits the iguana!
You kill the iguana!
You start resting.
HP restored.
You start waiting.
Done waiting.
Done exploring.
Done exploring.
What level of the Dungeon? (default 6, ? - help)
There is a stone staircase leading down here.
You climb downwards.
Level annotation: Jeremiah
There is a stone staircase leading up here.
The centaur wields a +0 orcbow.
The centaur shoots an arrow.
The arrow hits you!
A centaur is nearby!
A centaur is nearby!
You shoot an arrow. The arrow hits the centaur!
The centaur is moderately wounded.
The centaur shoots an arrow.
The arrow hits you!
* * * LOW HITPOINT WARNING * * *
Fire: a) +0 shortbow
Press: ? - help, Shift-Dir - straight line, f/p - centaur
Aim: a centaur, wielding a +0 orcbow (moderately wounded, 76% to hit)
The centaur shoots an arrow.
The arrow hits you!
You die...

#...........#...................
###.............###..............
#...##..........##c...<..........
#...##...........#...............
..####...........................
...# ##..#.....##................
....#*#.##..#.(.#......#.........
..####..#...#........###.........
### ##.......##@....#...........
# #...##...######............
###...... ##.....##...# #....###
##....#..... ##... #.##....#..
##.. ** ######.##.. *... ####.. ,
, ##. , ##


You could see a centaur.

Vanquished Creatures
  2 ice beasts
  A black bear (D:3)
  A phantom (D:6)
  A bullfrog (D:6)
  A scorpion (D:4)
  4 jellies
  A gnoll bouda (D:4)
  A hound (D:4)
  An orc priest (D:5)
  2 iguanas
  A sleepcap (D:4)
  Jessica (D:2)
  2 orc wizards (D:5)
  6 gnolls (D:4)
  10 adders
  A shadow imp (D:3)
  3 white imps
  5 dart slugs
  A ribbon worm (D:4)
  17 orcs
  6 endoplasms
  2 giant cockroaches
  6 goblins
  6 hobgoblins
  2 jackals (D:1)
  9 kobolds
  5 quokkas
  5 ball pythons
  6 bats
  2 frilled lizards (D:1)
  3 rats
114 creatures vanquished.

Notes
Turn   | Place    | Note
-------+----------+-------------------------------------------
     0 | D:1      | ces the Spriggan Hunter began the quest for the Orb.
     0 | D:1      | Reached XP level 1. HP: 10/10 MP: 2/2
   148 | D:1      | Reached XP level 2. HP: 14/14 MP: 3/3
   766 | D:2      | Reached skill level 5 in Ranged Weapons
   772 | D:2      | Reached XP level 3. HP: 18/18 MP: 4/4
   916 | D:2      | Noticed Jessica
   917 | D:2      | Killed Jessica
   918 | D:2      | Reached XP level 4. HP: 22/22 MP: 5/5
   966 | D:2      | Got the Compendium of the Wind
  1341 | D:3      | Gained mutation: You are strong-willed. (Will+) [potion of
                  | mutation]
  1341 | D:3      | Gained mutation: You occasionally shout uncontrollably at
                  | your foes. [potion of mutation]
  1341 | D:3      | Gained mutation: Your spells are a little easier to cast,
                  | but a little less powerful. [potion of mutation]
  1341 | D:3      | Gained mutation: You passively map a small area around you.
                  | [potion of mutation]
  1617 | D:3      | Reached skill level 6 in Ranged Weapons
  2041 | D:3      | Identified the +0 ring mail of Resilience {Str+3}
  2051 | D:3      | Lost mutation: You occasionally shout uncontrollably at
                  | your foes. [potion of mutation]
  2051 | D:3      | Lost mutation: Your spells are a little easier to cast, but
                  | a little less powerful. [potion of mutation]
  2051 | D:3      | Lost mutation: You are strong-willed. (Will+) [potion of
                  | mutation]
  2051 | D:3      | Gained mutation: You expend magic power (3 MP) to
                  | strengthen your wands. [potion of mutation]
  2051 | D:3      | Gained mutation: You passively map the area around you.
                  | [potion of mutation]
  2051 | D:3      | Gained mutation: Your mind is acute. (Int +4, Str/Dex -1)
                  | [potion of mutation]
  2072 | D:3      | Noticed a black bear
  2189 | D:3      | Killed a black bear
  2190 | D:3      | Reached XP level 5. HP: 25/25 MP: 6/6
  2483 | D:4      | Reached skill level 7 in Ranged Weapons
  2580 | D:4      | Reached XP level 6. HP: 30/30 MP: 7/7
  3012 | D:4      | Reached skill level 8 in Ranged Weapons
  3637 | D:5      | Entered Level 5 of the Dungeon
  3645 | D:5      | Reached XP level 7. HP: 31/33 MP: 8/8
  3748 | D:5      | Found Isouwka's General Store.
  4078 | D:5      | Reached skill level 9 in Ranged Weapons
  4775 | D:6      | Reached skill level 10 in Ranged Weapons
  4792 | D:6      | Noticed Jeremiah
  4860 | D:6      | Reached XP level 8. HP: 35/36 MP: 9/9
  5169 | D:6      | Shot with an arrow by a centaur

Illustrated notes

Levels and vault maps discovered:
D:1:      enne_arrival_octagon_isle, layout_loops_ring
D:2:      layout_loops_ring, minmay_statues_item, uniq_jessica
D:3:      layout_basic, wad_floor_pattern_1, minmay_puff
D:4:      layout_gridville, kennysheep_generic_room_7
D:5:      layout_basic, serial_shops, nicolae_shop_tiny_waterfront,
          serial_park_tiny_pond
D:6:      layout_cave_pools, serial_shops, nicolae_shop_tiny_glass,
          uniq_jeremiah

Skill      XL: |  1  2  3  4  5  6  7 |
---------------+----------------------+-----
Ranged Weapons | 5 6 7 8 10 | 10.5
Fighting       | |  1.5
Dodging        | |  2.6
Stealth        | |  1.5

Action                     |  1- 3 |  4- 6 |  7- 9 || total
---------------------------+-------+-------+-------++-------
   Fire: Shortbow          |    91 |   228 |   145 ||   464
    Use: Scroll            |       |     5 |     2 ||     7
         Potion            |       |     4 |     5 ||     9
 Armour: Robe              |    11 |    23 |    19 ||    53
         Skin              |       |     3 |       ||     3
  Dodge: Dodged            |    35 |    68 |    46 ||   149
  Block: Other             |       |    15 |     8 ||    23
